 Dungeon Crawl Stone Soup version 0.28-a0-1087-gf3fc490d9d (webtiles) character file.

Game seed: 1835379020398239584

110 ytrimaz the Insei (level 4, 0/29 HPs)
             Began as an Octopode Transmuter on Dec 10, 2021.
             Succumbed to a scorpion's poison
             ... on level 4 of the Dungeon.
             The game lasted 00:02:53 (4356 turns).

ytrimaz the Insei (Octopode Transmuter)             Turns: 4356, Time: 00:02:54

Health: 0/29       AC:  1    Str: 15    XL:     4   Next: 91%
Magic:  4/7        EV: 13    Int: 19    God:
Gold:   67         SH:  0    Dex: 12    Spells: 3/9 levels left

rFire   . . .      SeeInvis .     - Unarmed
rCold   . . .      Faith    .   (no shield)
rNeg    . . .      Spirit   .   (helmet restricted)
rPois   .          Reflect  .   (no amulet)
rElec   .          Harm     .   b - +6 ring of strength
rCorr   .          Rampage  .   (no ring)
Will    .....                   (no ring)
Stlth   ++........              (no ring)
HPRegen 0.09/turn               (no ring)
MPRegen 0.10/turn               (no ring)
                                (no ring)
                                (no ring)

@: lethally poisoned (0 -> -11), wereblooded
A: almost no armour, amphibious, 8 rings, camouflage 1, gelatinous body 1,
(nimble swimmer 1), tentacles, antennae 1, tentacle spike 1, clever 1, low mp 1
a: no special abilities


You were on level 4 of the Dungeon.
You visited 1 branch of the dungeon, and saw 4 of its levels.

You collected 67 gold pieces.

Inventory:

Jewellery
 b - a +6 ring of strength (left tentacle)
Wands
 g - a wand of iceblast (10)
Scrolls
 a - a scroll of fear
 e - a scroll of magic mapping
 i - 3 scrolls of teleportation
 j - a scroll of identify
Potions
 c - 2 potions of berserk rage
 d - a potion of resistance {unknown}
 f - a potion of mutation
 h - 2 potions of curing


   Skills:
 * Level 2.0 Fighting
 - Level 2.0 Dodging
 + Level 3.6 Unarmed Combat
 * Level 3.1 Spellcasting
 * Level 3.0 Transmutations


You had 3 spell levels left.
You knew the following spells:

 Your Spells              Type           Power      Damage    Failure   Level
a - Beastly Appendage     Tmut           28%        N/A       4%          1
b - Wereblood             Tmut           14%        N/A       7%          2
c - Spider Form           Tmut/Pois      8%         N/A       24%         3

Your spell library contained the following spells:

 Spells                   Type           Power      Damage    Failure   Level
 Slow                     Hex            8%         N/A       16%         1
 Ignite Poison            Fire/Tmut/Pois 6%         N/A       30%         3
 Confusing Touch          Hex            2%         N/A       41%         3
 Conjure Flame            Conj/Fire      2%         6-21      41%         3
 Gell's Gravitas          Tloc           2%         N/A       41%         3
 Lesser Beckoning         Tloc           2%         N/A       41%         3
 Teleport Other           Tloc           2%         N/A       41%         3
 Ice Form                 Ice/Tmut       8%         N/A       63%         4
 Sticky Flame             Conj/Fire      2%         2d3       83%         4
 Yara's Violent Unravell  Hex/Tmut       4%         3d4       92%         5


Dungeon Overview and Level Annotations

Branches:
Dungeon (4/15)
 Temple: D:4-7

Altars:


Innate Abilities, Weirdness & Mutations

You cannot wear most types of armour.
You are amphibious.
You can wear up to eight rings at the same time.
Your skin changes colour to match your surroundings (Stealth+).
Your rubbery body absorbs attacks. (AC +1, EV +1)
((You are camouflaged near water. (Stealth+)))
You have tentacles for arms and can constrict up to eight enemies at once.
You have a pair of small antennae on your head.
One of your tentacles bears a spike.
Your mind is acute. (Int +2)
Your magical capacity is low. (-10% MP)


Message History

A ball python comes into view.
Casting: Beastly Appendage (safe; 4% risk of failure)
Confirm with . or Enter, or press ? or * to list all spells.
Your blood is infused with primal strength.
The ball python hisses angrily.
You hear a shout!
A goblin comes into view. It is wielding a +0 club.
Casting: Wereblood (safe; 7% risk of failure)
Confirm with . or Enter, or press ? or * to list all spells.
The spell is quite dangerous to miscast (24% risk of failure)!
Continue anyway?
You miscast Spider Form.
You are very lightly contaminated with residual magic.
Nothing appears to happen.
A necrophage comes into view.
Unknown command.
Casting: Spider Form (quite dangerous; 24% risk of failure)
Confirm with . or Enter, or press ? or * to list all spells.
You don't have enough magic to cast this spell.
There are monsters nearby!
The ball python closely misses you. x2
Your magical contamination has completely faded away.
The ball python bites you. The ball python grabs you.
The ball python constricts you.
You escape the ball python's grasp.
The ball python closely misses you. The ball python barely misses you.
The scorpion stings you!
You are poisoned.
The scorpion poisons you! The ball python closely misses you.
The ball python grabs you. The ball python constricts you.
You escape the ball python's grasp.
You feel sick. The scorpion completely misses you.
Unknown command.
You feel sick. The scorpion stings you.
You are lethally poisoned!
The scorpion poisons you!
* * * LOW HITPOINT WARNING * * *
You feel very sick.
* * * LOW HITPOINT WARNING * * *
You feel very sick.
Unknown command.
You die...

...........##
............#
..#........##
^.#...###### ..##.##
..###.##########
#......#...#...#
...............###
............##..@###
.............##..#.##
#...........####s...#
....#..........#S...#
...............g....#
...............#.####
.......#.......###
##....##.......#
.......#......##


You could see a scorpion, a goblin and a ball python.

Vanquished Creatures
  5 adders
  2 worms (D:2)
  A dart slug (D:4)
  5 bats
  4 endoplasms
  2 giant cockroaches (D:1)
  6 goblins
  3 hobgoblins (D:2)
  7 jackals
  5 quokkas
  4 ball pythons
  A frilled lizard (D:3)
  7 kobolds
  3 rats
55 creatures vanquished.

Notes
Turn   | Place    | Note
-------+----------+-------------------------------------------
     0 | D:1      | ytrimaz the Octopode Transmuter began the quest for the
                  | Orb.
     0 | D:1      | Reached XP level 1. HP: 13/13 MP: 3/3
   450 | D:1      | Reached XP level 2. HP: 18/18 MP: 3/5
  1516 | D:2      | Reached XP level 3. HP: 21/23 MP: 4/6
  1519 | D:2      | Learned a level 2 spell: Wereblood
  1523 | D:2      | Learned a level 3 spell: Spider Form
  2593 | D:2      | Reached XP level 4. HP: 28/28 MP: 6/8
  4169 | D:3      | Gained mutation: One of your tentacles bears a spike.
                  | [potion of mutation]
  4169 | D:3      | Gained mutation: Your mind is acute. (Int +2) [potion of
                  | mutation]
  4169 | D:3      | Gained mutation: Your magical capacity is low. (-10% MP)
                  | [potion of mutation]
  4169 | D:3      | Gained mutation: You have a pair of small antennae on your
                  | head. [potion of mutation]
  4335 | D:4      | Noticed a scorpion
  4338 | D:4      | Noticed a necrophage
  4356 | D:4      | Succumbed to a scorpion's poison

Illustrated notes

Levels and vault maps discovered:
D:1:      dpeg_arrival_round_c, layout_loops_corners, supply_closet_lemuel,
          chequers_serial_rivers_micro_e
D:2:      layout_loops_corners, minmay_pentomino_s2
D:3:      layout_loops_ring, lemuel_flame_loot_1
D:4:      layout_cave_pools, chequers_avenue, st_stairs_9, minmay_quantized

Skill      XL: |  1  2  3  4 |
---------------+-------------+-----
Transmutations | 3 |  3.0
Spellcasting   | 3 |  3.1
Fighting       | 2 |  2.0
Dodging        | |  2.0
Unarmed Combat | |  3.6

Action                   |  1- 3 |  4- 6 || total
-------------------------+-------+-------++-------
Melee: Unarmed           |    83 |    45 ||   128
       Constrict         |    21 |     9 ||    30
       Kick              |    15 |    12 ||    27
       Tentacles         |     8 |     7 ||    15
       Punch             |     2 |       ||     2
 Cast: Beastly Appendage |    22 |    13 ||    35
       Wereblood         |       |     2 ||     2
       Spider Form       |       |     1 ||     1
  Use: Scroll            |     4 |     6 ||    10
       Potion            |       |     1 ||     1
 Stab: Sleeping          |     5 |     5 ||    10
Armor: Skin              |    10 |     7 ||    17
Dodge: Dodged            |    67 |    34 ||   101

Table legend: (Time is in decaauts)
 A = Elapsed time spent in this place.
 B = Non-inter-level travel time spent in this place.
 C = Inter-level travel time spent in this place.
 D = Time resting spent in this place.
 E = Time spent auto-exploring this place.
 F = Levels seen in this place.
 G = Mean time per level.
                   A        B        C        D        E       F      G
               +--------+--------+--------+--------+--------+-----+--------+
         Total |   4347 |   4303 |     44 |      0 |   3782 |   4 | 1086.8 |
       Dungeon |   4347 |   4303 |     44 |      0 |   3782 |   4 | 1086.8 |
               +--------+--------+--------+--------+--------+-----+--------+

Top non-repeatable levels by time:
     D:2: 1638 daAuts
     D:1: 1503 daAuts
     D:3: 1039 daAuts
     D:4: 166 daAuts
